 Dungeon Crawl Stone Soup version 0.31-a0-664-g902f515a81 (webtiles) character file.

Game seed: 3873645835819394039

511 demibob the Poker (level 6, -3/37 HPs)
             Began as a Demonspawn Chaos Knight on Sept 2, 2023.
             Was a Plaything of Xom.
             Succumbed to a gnoll's poison
             ... on level 4 of the Dungeon.
             The game lasted 00:04:25 (3770 turns).

demibob the Poker (Demonspawn Chaos Knight)         Turns: 3770, Time: 00:04:27

Health: -3/37      AC:  8    Str: 14      XL:     6   Next: 99%
Magic:  6/6        EV: 11    Int: 11 (13) God:    Xom [....*.]
Gold:   175        SH:  0    Dex: 13      Spells: 5/5 levels left

rFire   . . .        a - +0 spear (chaos)
rCold   . . .        (no shield)
rNeg    . . .        b - +3 leather armour
rPois   .            (no helmet)
rElec   +            (no cloak)
rCorr   .            (no gloves)
SInv    +            (no boots)
Will    .....        (no amulet)
Stlth   +            (no ring)
HPRegen 0.26/turn    (no ring)
MPRegen 0.10/turn

%: no passive effects
@: lethally poisoned (-3 -> -18)
A: molten scales 1, foul stench 1, demonic touch 2, see invisible, deterioration
1, frail 2, high MP 1, electricity resistance, wild magic 1, inability to read
after injury 1
a: Renounce Religion


You were on level 4 of the Dungeon.
You worshipped Xom.
You were a beloved toy of Xom.
You visited 1 branch of the dungeon, and saw 5 of its levels.

You collected 270 gold pieces.
You spent 95 gold pieces at shops.


Innate Abilities, Weirdness & Mutations

You are partially covered in molten scales. (AC +2)
You may rarely emit foul miasma when damaged in melee.
Your touch may inflict irresistible damage on your foes.
You have supernaturally acute eyesight. (SInv)
Your body sometimes deteriorates upon taking damage.
You are very frail. (-20% HP)
You have an increased reservoir of magic. (+10% MP)
You are resistant to electric shocks. (rElec)
Your spells are a little harder to cast, but a little more powerful.
You occasionally lose the ability to read scrolls when taking damage.


   Skills:
 - Level 3.0 Fighting
 + Level 7.3 Polearms
 - Level 1.7 Armour
 - Level 0.8 Dodging


You had 5 spell levels left.
You didn't know any spells.
Your spell library contained the following spells:

 Spells                   Type           Power      Damage    Failure   Level
 Cigotuvi's Dreadful Rot  Necr/Pois/Air  0%         N/A       63%         2
 Dispel Undead            Necr           0%         3d6       99%         4
 Death Channel            Necr           0%         N/A       100%        6

Inventory:

Hand Weapons
 a - a +0 spear of chaos (weapon)
Missiles
 k - 4 atropa-tipped darts
Armour
 b - a +3 leather armour (worn)
 i - a +0 pair of boots
 l - a +1 hat
Jewellery
 I - a +6 ring of intelligence
Wands
 q - a wand of charming (5)
 r - a wand of roots (3)
Scrolls
 c - a scroll of butterflies
 d - 3 scrolls of teleportation {@r2}
 e - a scroll of blinking
 h - a scroll of enchant armour
 n - a scroll of brand weapon
Potions
 f - a potion of enlightenment
 g - a potion of heal wounds {unknown}
 j - a potion of berserk rage {!q}
 m - a potion of magic
 o - a potion of might {unknown}
 s - a potion of curing {unknown}

Dungeon Overview and Level Annotations

Branches:
Dungeon (5/15)
 Temple: D:4-7

Altars:

Shops:
D:4

? #.##.###.#.####..##.#.#.#
)..)..<..........##.#.#.# ##
...#.###..######.##.#.#.# #.
...........# #.##.#.#.# #.
...........# #.##.#.#.# #.
..##.###...# #.##.#.#.# #. ..##.#
#...#####.##.#.#.# #. ..##.#
#.......gg..>....# #. ..##.#
###.#####@###############.
#.##.###.......g.................
.......#.#.#####.................
...........# #.............>...
.......#...#####.................
...#.#.#.....#>.........<........
##.#.#.#.....#.....######...#####
.#.#.###.....#.....######+#.####.
.#.#.........#............(....+.


You could see a gnoll bouda and 2 gnolls.


Message History

The gnoll is lightly wounded.
You barely miss the gnoll.
The gnoll is lightly wounded.
The gnoll closely misses you. The gnoll hits you but does no damage.
The gnoll closely misses you. The gnoll misses you.
You miss the gnoll.
The gnoll is lightly wounded.
The gnoll hits you with a +0 whip.
The gnoll bouda hits you with a +0 whip.
Your body deteriorates!
You feel dopey.
You closely miss the gnoll.
You touch the gnoll!
You kill the gnoll!
The gnoll hits you with a +0 whip of venom.
You are poisoned.
The gnoll misses you. x2
The gnoll bouda hits you but does no damage.
You feel sick.
The gnoll hits you with a +0 whip of venom!
* * * LOW HITPOINT WARNING * * *
Your body deteriorates!
You feel dopey.
You are lethally poisoned!
The gnoll hits you from afar with a +0 halberd.
* * * LOW HITPOINT WARNING * * *
The gnoll hits you with a +0 flail.
* * * LOW HITPOINT WARNING * * *
The gnoll bouda hits you with a +0 whip.
* * * LOW HITPOINT WARNING * * *
You climb upwards.
You die...
Xom cackles wildly!

Skill      XL: |  1  2  3  4  5  6 |
---------------+-------------------+-----
Polearms       | 3 4 5 6 7 |  7.3
Fighting       | |  3.0
Armour         | |  1.7
Dodging        | |  0.8

Action                     |  1- 3 |  4- 6 || total
---------------------------+-------+-------++-------
  Melee: Spear             |   103 |   174 ||   277
         Touch             |     1 |    16 ||    17
         Punch             |       |     1 ||     1
    Use: Potion            |     1 |       ||     1
         Scroll            |       |     8 ||     8
   Stab: Paralysed         |     2 |       ||     2
         Sleeping          |     1 |     1 ||     2
         Petrifying        |       |     1 ||     1
 Armour: Leather armour    |    73 |    59 ||   132
  Dodge: Dodged            |    59 |    52 ||   111

Levels and vault maps discovered:
D:1:      wheals_arrival_linesprint, layout_loops_cross,
          hellmonk_ecumenical_altar_inner_sanctum
D:2:      layout_basic
D:3:      layout_loops_ring
D:4:      layout_basic, serial_shops, shop
D:5:      layout_rooms, temple_pool_b, nicolae_alphabet_shops,
          uniq_prince_ribbit1

Notes
Turn   | Place    | Note
-------+----------+-------------------------------------------
     0 | D:1      | demibob the Demonspawn Chaos Knight began the quest for the
                  | Orb.
     0 | D:1      | Reached XP level 1. HP: 18/18 MP: 1/1
    42 | D:1      | XOM: silly message
    76 | D:1      | Found a faded altar of an unknown god.
    82 | D:1      | Reached skill level 3 in Polearms
   144 | D:1      | Gained mutation: You are partially covered in molten
                  | scales. (AC +2) [demonic ancestry]
   144 | D:1      | Reached XP level 2. HP: 24/24 MP: 2/2
   653 | D:1      | XOM: give mutations
   653 | D:1      | Gained mutation: You occasionally lose the ability to read
                  | scrolls when taking damage. [Xom's mischief]
   653 | D:1      | Gained mutation: You have hidden genetic potential. [Xom's
                  | mischief]
   670 | D:1      | Gained mutation: Your touch may inflict minor irresistible
                  | damage on your foes. [demonic ancestry]
   670 | D:1      | Reached XP level 3. HP: 29/29 MP: 3/3
   879 | D:2      | Reached skill level 4 in Polearms
  1150 | D:2      | Gained mutation: You have supernaturally acute eyesight.
                  | (SInv) [hidden potential]
  1158 | D:2      | XOM: silly message
  1165 | D:2      | Gained mutation: Your touch may inflict irresistible damage
                  | on your foes. [demonic ancestry]
  1165 | D:2      | Reached XP level 4. HP: 9/35 MP: 4/4
  1887 | D:3      | Gained mutation: You are resistant to electric shocks.
                  | (rElec) [hidden potential]
  1887 | D:3      | Lost mutation: You have hidden genetic potential. [hidden
                  | potential expressed]
  2019 | D:3      | XOM: divination: magic mapping
  2023 | D:3      | Reached skill level 5 in Polearms
  2642 | D:4      | Found Ynutav's Magic Scroll Boutique.
  2649 | D:4      | Bought a scroll of brand weapon for 95 gold pieces
  2753 | D:4      | XOM: give mutations
  2753 | D:4      | Gained mutation: Your spells are a little harder to cast,
                  | but a little more powerful. [Xom's mischief]
  2753 | D:4      | Gained mutation: You have hidden genetic defects. [Xom's
                  | mischief]
  2753 | D:4      | Gained mutation: You are frail. (-10% HP) [Xom's mischief]
  2753 | D:4      | Gained mutation: You have an increased reservoir of magic.
                  | (+10% MP) [Xom's mischief]
  2788 | D:4      | XOM: 4-stop teleportation journey
  2795 | D:4      | Reached XP level 5. HP: 36/36 MP: 5/5
  2816 | D:4      | Gained mutation: Your body sometimes deteriorates upon
                  | taking damage. [hidden defects]
  3068 | D:4      | Noticed a phantom
  3077 | D:4      | Killed a phantom
  3078 | D:4      | Reached skill level 6 in Polearms
  3085 | D:4      | Gained mutation: You are very frail. (-20% HP) [hidden
                  | defects]
  3085 | D:4      | Lost mutation: You have hidden genetic defects. [hidden
                  | defects expressed]
  3099 | D:4      | Gained mutation: You may rarely emit foul miasma when
                  | damaged in melee. [demonic ancestry]
  3099 | D:4      | Reached XP level 6. HP: 37/37 MP: 6/6
  3103 | D:4      | XOM: god gift: wand of charming (5)
  3255 | D:4      | XOM: potion effect (berserk rage)
  3269 | D:4      | XOM: cast spell 'Summon Small Mammal'
  3271 | D:4      | Reached skill level 7 in Polearms
  3343 | D:4      | XOM: summons 4 hostile demons
  3385 | D:4      | XOM: god gift: 64 gold pieces
  3624 | D:4      | XOM: divination: detect items
  3761 | D:5      | Entered Level 5 of the Dungeon
  3769 | D:5      | HP: 2/37 [gnoll bouda/+0 whip (2)]
  3770 | D:4      | Succumbed to a gnoll's poison

Vanquished Creatures
  A phantom (D:4)
  5 killer bees (D:4)
  6 gnolls
  3 adders
  2 worms
  2 dart slugs
  3 orcs
  7 ball pythons
  6 endoplasms
  3 giant cockroaches
  9 goblins
  7 hobgoblins
  2 quokkas
  5 bats
  2 frilled lizards
  10 kobolds
  7 rats
80 creatures vanquished.

Vanquished Creatures (collateral kills)
  An orc wizard (D:4)
  An adder (D:4)
  3 orcs (D:4)
  A giant cockroach (D:4)
  A goblin (D:4)
  A hobgoblin (D:4)
8 creatures vanquished.

Grand Total: 88 creatures vanquished

Table legend: (Time is in decaauts)
 A = Elapsed time spent in this place.
 B = Non-inter-level travel time spent in this place.
 C = Inter-level travel time spent in this place.
 D = Time resting spent in this place.
 E = Time spent auto-exploring this place.
 F = Levels seen in this place.
 G = Mean time per level.
                   A        B        C        D        E       F      G
               +--------+--------+--------+--------+--------+-----+--------+
         Total |   3735 |   3625 |    110 |     38 |   3091 |   5 |  747.0 |
       Dungeon |   3735 |   3625 |    110 |     38 |   3091 |   5 |  747.0 |
               +--------+--------+--------+--------+--------+-----+--------+

Top non-repeatable levels by time:
     D:4: 1165 daAuts
     D:2: 986 daAuts
     D:1: 870 daAuts
     D:3: 706 daAuts
     D:5: 6 daAuts

Table legend:
 A = Non-vault XP
 B = Vault XP
 C = Vault XP percentage of total XP
 D = Non-vault monster count
 E = Vault monster count
 F = Vault count percentage of total count
                 A         B        C        D         E       F
            +---------+---------+-------+---------+---------+-------
      Total |     730 |       0 |   0.0 |      88 |       0 |   0.0
            +---------+---------+-------+---------+---------+-------
        D:1 |      41 |       0 |   0.0 |      23 |       0 |   0.0
        D:2 |      96 |       0 |   0.0 |      16 |       0 |   0.0
        D:3 |      33 |       0 |   0.0 |      18 |       0 |   0.0
        D:4 |     533 |       0 |   0.0 |      29 |       0 |   0.0
        D:5 |      27 |       0 |   0.0 |       2 |       0 |   0.0
            +---------+---------+-------+---------+---------+-------
